 Dungeon Crawl Stone Soup version 0.20.1-1-g8b1a95d (webtiles) character file.

68 pstr the Grave Robber (level 4, 0/30 HPs)
             Began as a Human Necromancer on Dec 15, 2017.
             Was an Initiate of Sif Muna.
             Slain by an adder (2 damage)
             ... on level 3 of the Dungeon.
             The game lasted 00:08:40 (2457 turns).

pstr the Grave Robber (Human Necromancer)           Turns: 2457, Time: 00:08:40

Health: 0/30       AC:  2    Str:  8    XL:     4   Next: 41%
Magic:  0/8        EV: 12    Int: 17    God:    Sif Muna [......]
Gold:   42         SH:  0    Dex: 13    Spells: 7/9 levels left

rFire    . . .     SeeInvis .   p - +0 long sword
rCold    . . .     Gourm    .   (no shield)
rNeg     . . .     Faith    .   a - +0 robe
rPois    .         Spirit   .   (no helmet)
rElec    .         Reflect  .   (no cloak)
rCorr    .         Harm     .   (no gloves)
MR       .....                  (no boots)
Stlth    ++........             (no amulet)
Regen    0.1/turn               (no ring)
MPRegen  0.2/turn               (no ring)

@: no status effects
A: no striking features
a: Renounce Religion


You were on level 3 of the Dungeon.
You worshipped Sif Muna.
Sif Muna was noncommittal.
You were not hungry.

You visited 1 branch of the dungeon, and saw 3 of its levels.

You collected 42 gold pieces.

Inventory:

Hand Weapons
 p - a +0 long sword (weapon)
Missiles
 f - 88 stones (quivered)
Armour
 a - a +0 robe (worn)
 l - a +0 leather armour
Jewellery
 r - a cursed amulet of inaccuracy {unknown}
Scrolls
 d - a scroll of immolation {unknown}
 e - a scroll of recharging {unknown}
 g - 5 scrolls of identify {unknown}
 m - a scroll of amnesia {unknown}
 o - 3 scrolls of remove curse {unknown}
 q - a scroll of fear {unknown}
Potions
 i - a potion of heal wounds {unknown}
 j - 4 potions of flight {unknown}
 k - a potion of agility {unknown}
 n - a potion of lignification {unknown}
Books
 b - a book of Necromancy

   Spells                             Type                      Level
   a - Pain                           Necromancy                   1
   b - Animate Skeleton               Necromancy                   1
   c - Vampiric Draining              Necromancy                   3
   d - Regeneration                   Charms/Necromancy            3
   e - Animate Dead                   Necromancy                   4
   f - Control Undead                 Necromancy                   4
Comestibles
 c - 3 bread rations
 h - 3 fruits
 s - 5 chunks of flesh


   Skills:
 + Level 2.1 Dodging
 + Level 2.2 Stealth
 + Level 3.2 Spellcasting
 + Level 4.6 Necromancy


You had 7 spell levels left.
You knew the following spells:

 Your Spells              Type           Power        Failure   Level  Hunger
a - Pain                  Necr           ###.         2%          1    None
b - Animate Skeleton      Necr           N/A          2%          1    None


Dungeon Overview and Level Annotations

Branches:
Dungeon (3/15)

Altars:
Dithmenos
Sif Muna


Message History

Confirm with . or Enter, or press ? or * to list all spells.
Aiming: Pain
Press: ? - help, Shift-Dir - straight line, f - adder
Aim: an adder (moderately wounded, chance to defeat MR: 84%)
The adder writhes in agony!
The adder bites you.
Casting: Pain
Confirm with . or Enter, or press ? or * to list all spells.
Aiming: Pain
Press: ? - help, Shift-Dir - straight line, f/p - adder
Aim: an adder (moderately wounded, chance to defeat MR: 84%)
The adder writhes in agony!
The orc closely misses you.
You riposte.
You closely miss the orc. The adder bites you but does no damage.
The orc hits you from afar with a trident.
* * * LOW HITPOINT WARNING * * *
You barely miss the adder.
The adder is severely wounded.
The adder closely misses you. The orc hits you with a club.
* * * LOW HITPOINT WARNING * * *
The orc barely misses you. The adder bites you.
You die...

# . ..#.... ##.
.[...#..... ...#...##.# .
......#.## #.
#......o.##.#
#.##.#...#wo...#
.....##.##o# .# #....S@Z#
#.#### #.# ##.#.####
#..... ###.# #...# #####
...# ###.# #..#
##.######.# # #..#
#.........# ## #..#
#..######## #.
#..#####..#########.# #.
.#####......)..(.........#
##


You could see a worm, an orc priest, an adder, 2 orcs and a friendly kobold
skeleton.

Vanquished Creatures
  An adder (D:3)
  3 dart slugs
  A leopard gecko (D:1)
  2 orcs (D:3)
  7 giant cockroaches
  3 goblins
  5 hobgoblins
  A quokka (D:2)
  7 bats
  4 frilled lizards
  10 kobolds
  3 rats
47 creatures vanquished.

Vanquished Creatures (collateral kills)
  A leopard gecko (D:2)
  An orc (D:3)
  A goblin (D:1)
3 creatures vanquished.

Grand Total: 50 creatures vanquished

Notes
Turn   | Place    | Note
-------+----------+-------------------------------------------
     0 | D:1      | pstr the Human Necromancer began the quest for the Orb.
     0 | D:1      | Reached XP level 1. HP: 13/13 MP: 3/3
   388 | D:1      | Reached XP level 2. HP: 19/19 MP: 3/5
   394 | D:1      | Learned a level 1 spell: Animate Skeleton
  1037 | D:1      | Reached XP level 3. HP: 22/24 MP: 2/6
  1516 | D:2      | Found a deep blue altar of Sif Muna.
  1526 | D:2      | Became a worshipper of Sif Muna the Loreminder
  2134 | D:2      | Found a shadowy altar of Dithmenos.
  2291 | D:3      | Reached XP level 4. HP: 27/30 MP: 4/8
  2457 | D:3      | Slain by an adder

Skill      XL: |  1  2  3 |
---------------+----------+-----
Spellcasting   | 3 |  3.2
Dodging        | |  2.1
Stealth        | |  2.2
Necromancy     | |  4.6

Action                   |  1- 3 |  4- 6 || total
-------------------------+-------+-------++-------
Melee: Unarmed           |    16 |       ||    16
       Long sword        |     2 |     2 ||     4
 Cast: Pain              |    67 |    19 ||    86
       Animate Skeleton  |     9 |     3 ||    12
  Eat: Chunk             |     5 |       ||     5
Armor: Robe              |    13 |     2 ||    15
Dodge: Dodged            |    40 |     9 ||    49
       Rpst.: Long sword |     1 |     2 ||     3
